AoeStats
← rettet_den_Wald

Arena

510533802Analyzed
1v1 RM · 1d ago on Oct 1, 2026· 53m 12s· 2 players
Game mode
Random Map
Map size
Tiny (2 player)
Population
200
Speed
Normal
Resources
Standard
Victory
Conquest
Starting age
Dark Age
Ending age
Imperial Age
RankedLock teamsTeams togetherTeam positionsShared explorationLock speedFull tech treeHidden civsTurbo modeCheats
Victory
Defeat
🇩🇪 Vikings · Germany
811
+13
🇪🇸 Bohemians · Spain
748
-13
Todato
13:00 Feudal Age
11:15 Loom
15:13 Double-Bit Axe
19:17 Castle Age
30:19 Wheelbarrow
37:26 Imperial Age
36:18 Bow Saw
36:15 Horse Collar
36:14 Light Cavalry
36:54 Husbandry
37:27 Scale Barding Armor
37:33 Forging
37:34 Heavy Plow
38:58 Chemistry
38:23 Ballistics
49:15 Heavy Scorpion
50:51 Hand Cart
50:33 Fletching
50:43 Padded Archer Armor
51:19 Iron Casting
50:48 Scale Mail Armor
50:25 Heavy Scorpion
rettet_den_Wald
6:34 Loom
12:17 Feudal Age
13:08 Double-Bit Axe
13:08 Horse Collar
18:46 Castle Age
29:33 Fortified Wall
29:35 Squires
30:09 Bow Saw
30:41 Gold Mining
30:44 Stone Mining
32:41 Scale Mail Armor
32:52 Forging
35:25 Imperial Age
35:45 Ballistics
35:37 Masonry
35:41 Chieftains
36:33 Conscription
36:38 Capped Ram
38:00 Heavy Plow
39:14 Town Watch
40:40 Architecture
41:11 Chemistry
40:34 Chain Mail Armor
40:55 Iron Casting
41:54 Light Cavalry
45:24 Town Patrol
46:58 Two-Man Saw
47:02 Gold Shaft Mining
47:04 Crop Rotation
47:53 Siege Ram
50:51 Elite Berserk
53:26 Plate Mail Armor
53:58 Blast Furnace
52:50 Fletching
Connection lost

Rejoining the realm…

Still unreachable

The connection could not be restored.

Session expired

The server has moved on; the page needs a fresh start.